 Dungeon Crawl Stone Soup version 0.30-a0-591-g3c58d2bc28 (webtiles) character file.

Game seed: 6373825958773600576

18485 CoinPitGoblin the Earth Mage (level 12, 0/64 HPs)
             Began as a Gargoyle Earth Elementalist on Jan 6, 2023.
             Was an Initiate of Gozag.
             Slain by a skeletal warrior
             ... wielding a +0 hand axe
              (16 damage)
             ... on level 12 of the Dungeon.
             The game lasted 00:35:07 (14954 turns).

CoinPitGoblin the Earth Mage (GrEE)                Turns: 14954, Time: 00:35:08

Health: 0/64       AC: 23    Str: 12    XL:     12   Next: 59%
Magic:  17/38      EV: 11    Int: 24    God:    Gozag
Gold:   530        SH:  0    Dex: 10    Spells: 24/37 levels left

rFire   + . .      SeeInvis +    y - +4 flail (flame)
rCold   . . .      Faith    .    (no shield)
rNeg    + . .      Spirit   .    r - +3 ring mail of the Trees {Int+3}
rPois   ∞          Reflect  .    I - +1 helmet
rElec   +          Harm     .    p - +2 cloak
rCorr   .          Rampage  .    u - +0 pair of gloves
Will    .....                    e - +0 pair of boots
Stlth   ++                       q - amulet of regeneration
HPRegen 1.10/turn                z - ring of magical power
MPRegen 0.26/turn                H - ring of Mugan {rPois rF+ SInv Stlth+}

@: no status effects
A: sickness immunity, AC +8, negative energy resistance 1, electricity
resistance, torment resistance 1, petrification resistance, deformed body, no
potion heal 1
a: Renounce Religion, Potion Petition, Call Merchant, Bribe Branch


You were on level 12 of the Dungeon.
You worshipped Gozag.
Gozag was pleased with you.
You visited 2 branches of the dungeon, and saw 13 of its levels.

You collected 1651 gold pieces.
You spent 960 gold pieces at shops.
You paid 161 gold pieces to Gozag.

Inventory:

Hand Weapons
 j - a +2 flail of holy wrath
 w - a +1 flail of draining
 y - a +4 flail of flaming (weapon)
 B - a +2 flail of protection
Missiles
 o - 3 throwing nets
Armour
 e - a +0 pair of boots (worn)
 p - a +2 cloak (worn)
 r - the +3 ring mail of the Trees (worn) {Int+3}
   (You found it on level 7 of the Dungeon)

   Int:       It affects your intelligence (+3).
 u - a +0 pair of gloves (worn)
 x - a +3 ring mail of positive energy
 I - a +1 helmet (worn)
 K - the +1 robe of Vines {NoPotionHeal Regen++++}
   (You bought it in a shop on level 6 of the Dungeon)

   Its wearer cannot be healed by potions.
   Regen:     It increases your rate of health regeneration.
Jewellery
 q - an amulet of regeneration (around neck)
 v - a +6 ring of intelligence
 z - a ring of magical power (left hand)
 C - a ring of resist corrosion
 G - a ring of protection from fire
 H - the ring of Mugan (right hand) {rPois rF+ SInv Stlth+}
   (You found it on level 9 of the Dungeon)

   [ring of poison resistance]

   rF:        It protects you from fire.
   rPois:     It protects you from poison.
   SInv:      It lets you see invisible.
   Stlth:     It makes you more stealthy.
Wands
 l - a wand of flame (13)
 D - a wand of roots (5)
 F - a wand of quicksilver (14)
 O - a wand of charming (5)
Scrolls
 c - 6 scrolls of identify
 d - 2 scrolls of enchant weapon
 f - a scroll of torment
 g - 3 scrolls of poison
 i - 4 scrolls of amnesia
 k - 4 scrolls of teleportation
 A - a scroll of magic mapping
 J - a scroll of blinking
Potions
 a - 2 potions of lignification
 b - a potion of magic
 h - 3 potions of cancellation
 m - 2 potions of berserk rage
 n - a potion of brilliance
 s - a potion of might
 t - a potion of resistance {unknown}
 E - a potion of attraction
 L - a potion of haste
 M - a potion of curing
 N - a potion of heal wounds


   Skills:
 + Level 3.0 Fighting
 + Level 4.9 Armour
 + Level 4.9 Dodging
 - Level 2.1 Stealth
 + Level 13.0 Spellcasting
 - Level 0.7 Transmutations
 + Level 15.2 Earth Magic


You had 24 spell levels left.
You knew the following spells:

 Your Spells              Type           Power      Damage    Failure   Level
a - Stone Arrow           Conj/Erth      100%       3d13      1%          3
b - Petrify               Tmut/Erth      52%        N/A       3%          4
c - Ozocubu's Armour      Ice            15%        N/A       24%         3
q - Sandblast             Erth           100%       2d20      0%          1
z - Passwall              Tmut/Erth      43%        N/A       1%          2

Your spell library contained the following spells:

 Spells                   Type           Power      Damage    Failure   Level
 Necrotise                Necr           60%        1d7       9%          1
 Ignite Poison            Fire/Tmut/Pois 16%        N/A       22%         3
 Gell's Gravitas          Tloc           15%        N/A       24%         3
 Lesser Beckoning         Tloc           30%        N/A       24%         3
 Portal Projectile        Hex/Tloc       30%        N/A       24%         3
 Teleport Other           Tloc           15%        N/A       24%         3
 Tukima's Dance           Hex            15%        N/A       24%         3
 Vampiric Draining        Necr           15%        2d7       24%         3
 Passage of Golubria      Tloc           15%        N/A       63%         4
 Sticky Flame             Conj/Fire      15%        2d4       63%         4
 Blade Hands              Tmut           9%         N/A       86%         5
 Yara's Violent Unravell  Hex/Tmut       8%         3d5       89%         5
 Agony                    Necr           15%        N/A       92%         5
 Metabolic Englaciation   Hex/Ice        7%         N/A       92%         5
 Ignition                 Fire           7%         3d5       100%        8
 Statue Form              Tmut/Erth      Unusable   N/A       N/A         6
 Simulacrum               Ice/Necr       Unusable   N/A       N/A         6

Dungeon Overview and Level Annotations

Branches:
Dungeon (12/15)            Temple (1/1) D:7            Lair (0/5) D:11
    Orc (0/2) D:12

Altars:
Ashenzari
Cheibriados
Dithmenos
Elyvilon
Fedhas
Gozag
Hepliaklqana
Kikubaaqudgha
Makhleb
Nemelex Xobeh
Okawaru
Qazlal
Ru
Sif Muna
Trog
Uskayaw
Vehumet
Wu Jian
Xom
Yredelemnul
Zin
The Shining One

Shops:
D:6 (:[(   D:8 [:=?(   D:12 *

Annotations:
D:9 WasteTime5's ghost, journeyman OpBe


Innate Abilities, Weirdness & Mutations

You are immune to sickness and miasma.
Your stone body is resilient. (AC +8)
You are immune to poison.
You resist negative energy. (rN+)
You are resistant to electric shocks. (rElec)
You are resistant to unholy torment.
You are immune to petrification.
Armour fits poorly on your strangely shaped body.
Potions are less effective at restoring your health.


Message History

The skeletal warrior hits you but does no damage.
You don't have enough magic to cast this spell.
Unknown command.
You don't have enough magic to cast this spell.
Unknown command.
Okay, then.
Casting: Stone Arrow (safe; 1% risk of failure)
Confirm with . or Enter, or press ? or * to list all spells.
Okay, then.
Okay, then.
Casting: Stone Arrow (safe; 1% risk of failure)
Confirm with . or Enter, or press ? or * to list all spells.
Aiming: Sandblast (safe; 0% risk of failure)
Press: ? - help, Shift-Dir - straight line, f/p - skeletal warrior
Aim: a skeletal warrior, wielding a +0 hand axe (heavily damaged, 85% to hit)
The blast of sand hits the skeletal warrior but does no damage.
The skeletal warrior is heavily damaged.
The skeletal warrior hits you with a +0 hand axe!
The skeletal warrior misses you.
Unknown command.
Casting: Sandblast (safe; 0% risk of failure)
Confirm with . or Enter, or press ? or * to list all spells.
You don't have enough magic to cast this spell.
Unknown command.
Unknown command.
Casting: Sandblast (safe; 0% risk of failure)
Confirm with . or Enter, or press ? or * to list all spells.
Okay, then.
Magic courses through your body.
The skeletal warrior hits you with a +0 hand axe!
* * * LOW HITPOINT WARNING * * *
Casting: Sandblast (safe; 0% risk of failure)
Confirm with . or Enter, or press ? or * to list all spells.
Aiming: Stone Arrow (safe; 1% risk of failure)
Press: ? - help, Shift-Dir - straight line, f/p - skeletal warrior
Aim: a skeletal warrior, wielding a +0 hand axe (heavily damaged, 78% to hit)
The stone arrow misses the skeletal warrior.
The skeletal warrior hits you with a +0 hand axe!
You die...
Your body crumbles into a pile of gold.

#.. #.# # $#|( #..
..###.# ### #.#
....... # #..
.......####### #.#
.....###|#...#
#.##z...##..##.#)#
#...z..##...#....#
#z###..#...##.##.#
#@# #.##...#..##..
#.###.#....#......
#.....#....#.###..
#..##.#...##.# #..
#..##)#...#..###..
#........##.......
#...#...##...##...
#.....###....##...
#.#####.........#.


You could see a skeletal warrior.

Vanquished Creatures
  A rakshasa (D:12)
  A boulder beetle (D:11)
  2 centaur warriors (D:12)
  3 two-headed ogres
  2 tengu warriors
  3 skeletal warriors (D:12)
  An orb spider (shapeshifter) (D:12)
  Pikel (D:5)
  A cyclops (D:12)
  An unseen horror (D:10)
  3 komodo dragons (D:11)
  A troll (shapeshifter) (D:9)
  A meliai (D:12)
  3 trolls
  Grinder (D:3)
  A hornet (D:12)
  A slime creature (D:5)
  Sigmund (D:2)
  A shadow (D:11)
  2 vampires
  6 yaks
  3 wyverns
  2 neqoxecs (D:9)
  3 steam dragons
  Edmund (D:6)
  2 acid dragons
  A water moccasin (D:5)
  4 orc warriors
  A sky beast (D:7)
  2 ice beasts
  4 black bears
  6 ogres
  2 centaurs
  3 lemures (D:5)
  A phantom (D:5)
  2 kobold brigands
  A gnoll sergeant (D:9)
  6 scorpions
  A bullfrog (D:8)
  2 necrophages
  8 wights (D:7)
  5 killer bees (D:8)
  11 howler monkeys
  3 quasits (D:9)
  3 hounds
  Crazy Yiuf (D:5)
  5 orc priests
  6 jellies
  Terence (D:3)
  2 iguanas (D:5)
  5 orc wizards
  Robin (D:3)
  5 gnolls (D:9)
  8 adders
  2 white imps
  2 ufetubi
  A worm (D:3)
  A dart slug (D:2)
  62 orcs
  9 endoplasms
  6 giant cockroaches
  29 goblins
  16 hobgoblins
  3 quokkas
  4 ball pythons (D:2)
  4 bats
  19 kobolds
  6 rats
312 creatures vanquished.

Vanquished Creatures (others)
  9 fungi (D:5)
  6 plants (D:11)
  7 toadstools (D:5)
22 creatures vanquished.

Grand Total: 334 creatures vanquished

Notes
Turn   | Place    | Note
-------+----------+-------------------------------------------
     0 | D:1      | CoinPitGoblin the Gargoyle Earth Elementalist began the
                  | quest for the Orb.
     0 | D:1      | Reached XP level 1. HP: 10/10 MP: 3/3
   151 | D:1      | Reached skill level 4 in Earth Magic
   151 | D:1      | Reached XP level 2. HP: 15/15 MP: 1/5
   810 | D:2      | Reached XP level 3. HP: 19/19 MP: 2/6
  1165 | D:2      | Noticed Sigmund
  1173 | D:2      | Killed Sigmund
  1174 | D:2      | Reached skill level 6 in Earth Magic
  1174 | D:2      | Reached XP level 4. HP: 10/24 MP: 1/9
  1174 | D:2      | Reached XP level 5. HP: 11/28 MP: 1/10
  1942 | D:2      | Reached XP level 6. HP: 32/32 MP: 7/12
  1946 | D:2      | Learned a level 2 spell: Passwall
  1950 | D:2      | Learned a level 3 spell: Stone Arrow
  2237 | D:3      | Noticed Robin
  2310 | D:3      | Noticed Grinder
  2315 | D:3      | Killed Grinder
  2316 | D:3      | Reached XP level 7. HP: 34/36 MP: 9/14
  2409 | D:3      | Noticed Terence
  2418 | D:3      | Killed Terence
  2419 | D:3      | Reached skill level 5 in Spellcasting
  2483 | D:3      | Reached skill level 7 in Earth Magic
  2676 | D:3      | Killed Robin
  2976 | D:3      | You fall into a shaft and drop 3 floors!
  3082 | D:6      | Found Ijaepro's Armour Shoppe.
  3130 | D:6      | Noticed Edmund
  3149 | D:6      | Killed Edmund
  3150 | D:6      | Reached skill level 8 in Earth Magic
  3150 | D:6      | Reached XP level 8. HP: 28/42 MP: 0/17
  3224 | D:6      | Found Orida's Book Emporium.
  3235 | D:5      | Entered Level 5 of the Dungeon
  3554 | D:4      | Found a snail-covered altar of Cheibriados.
  5104 | D:5      | Reached skill level 1 in Fighting
  5104 | D:5      | Reached skill level 9 in Earth Magic
  5334 | D:5      | Reached XP level 9. HP: 24/47 MP: 15/20
  5611 | D:5      | Found a runed translucent door.
  5612 | D:5      | Noticed Crazy Yiuf
  5617 | D:5      | Killed Crazy Yiuf
  5772 | D:5      | Noticed Pikel
  5780 | D:5      | Killed Pikel
  5781 | D:5      | Reached skill level 10 in Earth Magic
  6194 | D:5      | Reached skill level 11 in Earth Magic
  6595 | D:6      | Found Rouse's Weapon Shoppe.
  6763 | D:6      | Reached XP level 10. HP: 52/52 MP: 19/23
  6988 | D:6      | Found Afoetuts's Weapon Shoppe.
  7017 | D:6      | Found a radiant altar of Vehumet.
  7391 | D:7      | Identified the +3 ring mail of the Trees {Int+3}
  7787 | D:7      | Found a staircase to the Ecumenical Temple.
  7891 | Temple   | Entered the Ecumenical Temple
  8077 | D:7      | Reached skill level 1 in Armour
  8077 | D:7      | Reached skill level 12 in Earth Magic
  8392 | D:7      | Reached skill level 10 in Spellcasting
  8425 | D:8      | Found Ludurobb's Antique Weapon Emporium.
  8494 | D:8      | Found Yptig's Jewellery Boutique.
  8533 | D:8      | Found Jochuuj's Magic Scroll Shop.
  8549 | D:8      | Found an iron altar of Okawaru.
  8765 | D:8      | Found Vuthautui's Superior Scales.
  9164 | D:8      | Found Xucsuf's Book Boutique.
  9430 | D:9      | Found an opulent altar of Gozag.
  9436 | D:9      | Found a sacrificial altar of Ru.
  9440 | D:9      | Became a worshipper of Gozag Ym Sagoz the Greedy
  9585 | D:9      | Noticed WasteTime5's ghost (journeyman OpBe)
  9617 | D:9      | Found a transporter.
  9624 | D:9      | Identified the ring of Mugan {rPois rF+ SInv Stlth+}
 10055 | D:9      | Found a transporter.
 10708 | D:9      | Noticed a tengu warrior
 10713 | D:9      | Reached skill level 13 in Earth Magic
 10713 | D:9      | Reached XP level 11. HP: 56/56 MP: 24/25
 10759 | D:9      | Killed a tengu warrior
 10983 | D:9      | Gained mutation: Armour fits poorly on your strangely
                  | shaped body. [a neqoxec]
 11222 | D:9      | Learned a level 4 spell: Petrify
 11260 | D:10     | Entered Level 10 of the Dungeon
 11613 | D:10     | Found a shadowy altar of Dithmenos.
 11613 | D:10     | Found a glowing golden altar of the Shining One.
 11859 | D:10     | Noticed a two-headed ogre
 11861 | D:10     | Noticed a two-headed ogre
 11866 | D:10     | Killed a two-headed ogre
 11869 | D:10     | Killed a two-headed ogre
 12491 | D:6      | Bought the +1 robe of Vines {NoPotionHeal Regen++++} for
                  | 960 gold pieces
 12491 | D:6      | Found the +1 robe of Vines {NoPotionHeal Regen++++}
 12590 | D:9      | Gained mutation: Potions are less effective at restoring
                  | your health. [a neqoxec]
 12747 | D:11     | Noticed a boulder beetle
 12760 | D:11     | Killed a boulder beetle
 12826 | D:11     | Reached skill level 14 in Earth Magic
 13179 | D:11     | Found a staircase to the Lair.
 13319 | D:11     | Noticed a two-headed ogre
 13325 | D:11     | Learned a level 3 spell: Ozocubu's Armour
 13330 | D:11     | Killed a two-headed ogre
 13808 | D:11     | Reached XP level 12. HP: 32/62 MP: 25/28
 14212 | D:12     | Found Mesopla's Assorted Antiques.
 14224 | D:12     | Noticed a centaur warrior
 14225 | D:12     | Noticed a tengu warrior
 14247 | D:12     | Killed a tengu warrior
 14249 | D:12     | Killed a centaur warrior
 14577 | D:12     | Noticed a boulder beetle
 14581 | D:12     | Noticed a boulder beetle
 14603 | D:12     | Noticed a centaur warrior
 14606 | D:12     | Killed a centaur warrior
 14764 | D:12     | Found a staircase to the Orcish Mines.
 14779 | D:12     | Noticed a rakshasa
 14803 | D:12     | Killed a rakshasa
 14804 | D:12     | Reached skill level 15 in Earth Magic
 14954 | D:12     | Slain by a skeletal warrior

Illustrated notes

Levels and vault maps discovered:
D:1:      dpeg_arrival_simpleton_b, layout_loops_ring, minmay_worlds_worst_comb
D:2:      layout_basic, minmay_misc_feat_pillars, grunt_decor_junction,
          grunt_ministairs_12, minmay_goblin_kobold_house, uniq_sigmund
D:3:      layout_loops_ring, nrook_mini_vaults, minmay_ogre_servants,
          uniq_terence, uniq_grinder, uniq_robin
D:4:      layout_basic, mainiacjoe_overflow_cross_hatched
D:5:      cheibrodos_fertilizer, layout_cave_pods, uniq_pikel,
          uniq_crazy_yiuf_cottage
D:6:      layout_basic, kennysheep_little_box, serial_shops,
          nicolae_stop_n_shop_1, nicolae_shop_bloodbath_and_beyond, shop,
          nicolae_lakefront_shop, chequers_garden, uniq_edmund
D:7:      layout_basic, minmay_temple_entry_gardened_gates
D:8:      layout_loops_cross, lemuel_round_altar, serial_shops,
          kennysheep_mini_moat, nicolae_stop_n_shop_1, nicolae_stop_n_shop_2,
          nicolae_stop_n_shop_1, hellmonk_scale_shop
D:9:      layout_long_grid, grunt_temple_overflow_open,
          gammafunk_ghost_stat_death, special_room [special_room_orc],
          minmay_three_doors
D:10:     layout_basic, gammafunk_temple_overflow_elements
D:11:     layout_gridville, david_lair_shrubbed
D:12:     minmay_swirls_squares, layout_basic, orc_0_dummy, serial_shops,
          kennysheep_mini, nicolae_uskayaw_en_pointe
Temple:   nicolae_temple_superstar

Skill      XL: |  1  2  3  4  5  6  7  8  9 10 11 12 |
---------------+-------------------------------------+-----
Earth Magic    | 4 6 8 9 11 13 14 15 | 15.2
Spellcasting   | 3 4 6 7 9 10 12 13 | 13.0
Dodging        | 2 3 4 |  4.9
Fighting       | 1 2 3 |  3.0
Armour         | 2 4 |  4.9
Stealth        | |  2.1
Transmutations | |  0.7

Action                   |  1- 3 |  4- 6 |  7- 9 | 10-12 || total
-------------------------+-------+-------+-------+-------++-------
Melee: Dagger            |     9 |       |     1 |       ||    10
       Unarmed           |     4 |       |       |       ||     4
       Short sword       |       |       |    35 |       ||    35
       Flail             |       |       |       |    44 ||    44
 Cast: Sandblast         |    42 |    24 |   206 |    89 ||   361
       Stone Arrow       |       |       |     7 |   222 ||   229
       Passwall          |       |       |     2 |     4 ||     6
  Use: Scroll            |     4 |       |     6 |     7 ||    17
       Potion            |       |       |     7 |     5 ||    12
Armor: Robe              |     7 |     6 |    85 |    36 ||   134
       Ring mail         |       |       |       |   176 ||   176
       Skin              |       |       |       |    19 ||    19
Dodge: Dodged            |    14 |    10 |   123 |   210 ||   357

Table legend: (Time is in decaauts)
 A = Elapsed time spent in this place.
 B = Non-inter-level travel time spent in this place.
 C = Inter-level travel time spent in this place.
 D = Time resting spent in this place.
 E = Time spent auto-exploring this place.
 F = Levels seen in this place.
 G = Mean time per level.
                   A        B        C        D        E       F      G
               +--------+--------+--------+--------+--------+-----+--------+
         Total |  15162 |  13982 |   1180 |    393 |  11308 |  13 | 1166.3 |
       Dungeon |  15022 |  13867 |   1155 |    393 |  11208 |  12 | 1251.8 |
        Temple |    139 |    114 |     25 |      0 |    100 |   1 |  139.0 |
               +--------+--------+--------+--------+--------+-----+--------+

Top non-repeatable levels by time:
     D:9: 2164 daAuts
     D:2: 1514 daAuts
     D:5: 1429 daAuts
     D:6: 1382 daAuts
    D:11: 1363 daAuts
     D:3: 1342 daAuts
     D:4: 1125 daAuts
    D:10: 1058 daAuts
     D:7: 1027 daAuts
     D:8: 932 daAuts
    D:12: 868 daAuts
     D:1: 812 daAuts
  Temple: 139 daAuts
